 Dungeon Crawl Stone Soup version 0.17-a0-776-gd86b262 (webtiles) character file.

543 FedoraBrony69 the Conjurer (level 7, -2/36 HPs)
             Began as a Deep Elf Conjurer on Apr 25, 2015.
             Was a Believer of Kikubaaqudgha.
             Slain by an orc priest
             ... wielding a +0 club
              (4 damage)
             ... on level 4 of the Dungeon.
             The game lasted 00:09:35 (3244 turns).

FedoraBrony69 the Conjurer (Deep Elf Conjurer)      Turns: 3244, Time: 00:09:35

Health: -2/36      AC:  2    Str:  5    XL:     7   Next: 6%
Magic:  1/18       EV: 18    Int: 22    God:    Kikubaaqudgha [**....]
Gold:   242        SH:  0    Dex: 20    Spells: 4 memorised, 7 levels left

rFire  . . .     SeeInvis .     e - +0 club
rCold  . . .     Clarity  .     a - +0 robe
rNeg   . . .     SustAb   .     (no shield)
rPois  .         Gourm    .     (no helmet)
rElec  .         Spirit   .     (no cloak)
rCorr  +         Warding  .     (no gloves)
rMut   .         Stasis   .     (no boots)
MR     .....                    m - amulet of resist corrosion
Stlth  +++.......               (no ring)
                                (no ring)

@: agile, very slightly contaminated, not resistant to hostile enchantments,
fairly stealthy
A: no striking features
a: Receive Corpses, Renounce Religion


You were on level 4 of the Dungeon.
You worshipped Kikubaaqudgha.
Kikubaaqudgha was pleased with you.
You were not hungry.

You visited 1 branch of the dungeon, and saw 4 of its levels.

You collected 242 gold pieces.

Inventory:

Hand weapons
 e - a +0 club (weapon)
 n - a +0 club
Armour
 a - a +0 robe (worn)
Jewellery
 m - an amulet of resist corrosion (around neck)
Magical devices
 j - a wand of slowing (24)
Scrolls
 d - a scroll of random uselessness {unknown}
 f - 2 scrolls of recharging {unknown}
 h - 3 scrolls of identify {unknown}
 i - 3 scrolls of immolation {unknown}
 l - a scroll of remove curse {unknown}
 o - a scroll of enchant weapon {unknown}
 p - a scroll of amnesia {unknown}
 q - a scroll of fog {unknown}
 u - a scroll of teleportation {unknown}
Potions
 k - a potion of brilliance {unknown}
 t - a potion of ambrosia {unknown}
Books
 b - a book of Conjurations

   Spells                             Type                      Level
   a - Magic Dart                     Conjuration                  1
   b - Searing Ray                    Conjuration                  2
   c - Dazzling Spray                 Conjuration/Hexes            3
   d - Fulminant Prism                Conjuration/Hexes            4
   e - Iskenderun's Mystic Blast      Conjuration                  4
   f - Iskenderun's Battlesphere      Conjuration/Charms           5
 s - Kikubaaqudgha's Papyrus of Necromancy
   (Kikubaaqudgha gifted it to you on level 3 of the Dungeon)

   Spells                             Type                      Level
   a - Animate Skeleton               Necromancy                   1
   b - Corpse Rot                     Necromancy                   2
   c - Sublimation of Blood           Necromancy                   2
   d - Regeneration                   Charms/Necromancy            3
   e - Control Undead                 Necromancy                   4
Comestibles
 c - a bread ration
 r - 7 chunks of flesh


   Skills:
 - Level 2.4 Dodging
 - Level 2.4 Stealth
 + Level 6.6 Spellcasting
 + Level 6.6 Conjurations
 * Level 5.3 Charms


You had 7 spell levels left.
You knew the following spells:

 Your Spells              Type           Power        Failure   Level  Hunger
a - Magic Dart            Conj           ####         1%          1    None
b - Iskenderun's Battles  Conj/Chrm      ####....     21%         5    #####..
c - Iskenderun's Mystic   Conj           #####...     8%          4    ###....
d - Sublimation of Blood  Necr           #.........   14%         2    None


Dungeon Overview and Level Annotations

Branches:
Dungeon (4/15)
 Temple: D:4-7

Altars:
Kikubaaqudgha
Sif Muna
Trog


Message History

Confirm with . or Enter, or press ? or * to list all spells.
You don't have enough magic to cast that spell.
Unknown command.
The orc priest becomes somewhat translucent.
The orc priest calls down the wrath of Beogh upon you.
Something smites you!
The orc priest calls down the wrath of Beogh upon you.
Pain shoots through your body! The orc priest closely misses you.
You hit the orc priest but do no damage.
The orc priest is moderately wounded.
The orc priest mumbles some strange prayers to Beogh against you.
Pain shoots through your body!
* * * LOW HITPOINT WARNING * * *
Drink which item? (? for menu, Esc to quit)
It was a potion of agility.
You feel agile all of a sudden. The orc priest hits you with a club.
You die...
Kikubaaqudgha rasps: "You have failed me!
Welcome... death!"

..#.. #.#..
#######.#.#
#.....#.#.#
##.....#.#.#######.#
.+...........#.......
##.....#####...# #
.............#####.#
#######.####....@o.#
# ###.####..###### #
#.....##..# #
#.#...##.... #
#.#######†### # #.#
..# # #.# ### # #.# #
#.#


You could see an orc priest.

Vanquished Creatures
  An ogre (D:4)
  2 scorpions (D:4)
  A vampire bat (D:2)
  3 orc priests (D:4)
  Terence (D:2)
  An orc wizard (D:3)
  3 adders
  4 worms
  4 giant geckos
  21 orcs
  A ball python (D:3)
  7 bats
  4 bat skeletons (D:2)
  A bat zombie (D:2)
  4 giant cockroaches
  14 goblins
  16 hobgoblins
  3 giant newts
  8 jackals
  3 kobolds
  12 rats
114 creatures vanquished.

Notes
Turn   | Place    | Note
--------------------------------------------------------------
     0 | D:1      | FedoraBrony69, the Deep Elf Conjurer, began the quest for the Orb.
     0 | D:1      | Reached XP level 1. HP: 10/10 MP: 6/6
   250 | D:1      | Reached XP level 2. HP: 15/15 MP: 1/8
   624 | D:2      | Noticed Terence
   743 | D:1      | Reached skill level 5 in Conjurations
   926 | D:2      | Killed Terence
   926 | D:2      | Reached XP level 3. HP: 8/19 MP: 1/10
  1217 | D:2      | Reached XP level 4. HP: 24/24 MP: 9/12
  1284 | D:2      | Found an ancient bone altar of Kikubaaqudgha.
  1286 | D:2      | Noticed a vampire bat
  1287 | D:2      | Killed a vampire bat
  1292 | D:2      | Reached skill level 5 in Spellcasting
  1309 | D:2      | Became a worshipper of Kikubaaqudgha
  1740 | D:3      | Reached XP level 5. HP: 28/28 MP: 7/14
  1747 | D:3      | Learned a level 5 spell: Iskenderun's Battlesphere
  1752 | D:3      | Learned a level 4 spell: Iskenderun's Mystic Blast
  1846 | D:3      | Acquired Kikubaaqudgha's first power
  1846 | D:3      | Received a gift from Kikubaaqudgha
  1856 | D:3      | Identified Kikubaaqudgha's Papyrus of Necromancy (Kikubaaqudgha gifted it to you on level 3 of the Dungeon)
  1860 | D:3      | Learned a level 2 spell: Sublimation of Blood
  1888 | D:3      | Found a bloodstained altar of Trog.
  1888 | D:3      | Found a deep blue altar of Sif Muna.
  1988 | D:3      | Reached skill level 6 in Conjurations
  1988 | D:3      | Reached skill level 1 in Charms
  2440 | D:4      | Reached XP level 6. HP: 32/32 MP: 5/17
  2849 | D:4      | Acquired Kikubaaqudgha's second power
  2855 | D:4      | Noticed an ogre
  2864 | D:4      | Killed an ogre
  3229 | D:4      | Reached skill level 5 in Charms
  3229 | D:4      | Reached XP level 7. HP: 31/36 MP: 8/18
  3244 | D:4      | Slain by an orc priest

Action                   |  1- 3 |  4- 6 |  7- 9 || total
-------------------------+-------+-------+-------++-------
Melee: Club              |     3 |    43 |     1 ||    47
 Cast: Magic Dart        |    77 |   126 |     1 ||   204
       Iskenderun's Myst |       |    25 |     2 ||    27
  Use: Potion            |       |       |     1 ||     1
  Eat: Chunk             |     1 |     5 |       ||     6
       Bread ration      |       |     1 |       ||     1
